AoeStats
← KaLong

Lombardia

508155171Analyzed
4v4 RM · 11d ago on Sep 21, 2026· 70m 32s· 8 players
Game mode
Random Map
Map size
Large (8 player)
Population
200
Speed
Normal
Resources
Standard
Victory
Conquest
Starting age
Dark Age
Ending age
Imperial Age
RankedLock teamsTeams togetherTeam positionsShared explorationLock speedFull tech treeHidden civsTurbo modeCheats
Victory
Defeat
🇧🇷 Mongols · Brazil
1647
+18
🇨🇱 Khmer · Chile
1628
+18
🇩🇿 Khitans · Algeria
1612
+19
🇺🇸 Britons · United States
1526
+22
🇺🇸 Mongols · United States
1931
-28
🇺🇸 Magyars · United States
1767
-24
🇺🇸 Britons · United States
1534
-14
🇺🇸 Vietnamese · United States
1483
-11
Eat_Rice
7:05 Loom
9:50 Feudal Age
10:57 Double-Bit Axe
11:21 Man-at-Arms
21:56 Castle Age
20:04 Fletching
20:47 Horse Collar
22:50 Bow Saw
22:55 Gold Mining
26:28 Wheelbarrow
27:25 Heavy Plow
27:26 Stone Mining
29:14 Gold Shaft Mining
29:33 Hand Cart
31:12 Bodkin Arrow
32:04 Ballistics
35:12 Imperial Age
33:05 Padded Archer Armor
35:49 Leather Archer Armor
35:17 Elite Longbowman
37:14 Two-Man Saw
36:43 Conscription
36:28 Bracer
36:07 Pikeman
36:49 Squires
37:42 Ring Archer Armor
38:49 Chemistry
38:24 Forging
38:15 Scale Mail Armor
38:10 Halberdier
39:12 Yeomen
39:53 Iron Casting
40:11 Chain Mail Armor
42:50 Plate Mail Armor
43:21 Blast Furnace
42:24 Caravan
45:49 Fortified Wall
46:18 Warwolf
61:46 Long Swordsman
62:11 Gambesons
62:00 Capped Ram
62:47 Two-Handed Swordsman
63:21 Champion
QNA | Apachai Hopachai
5:04 Loom
7:55 Feudal Age
8:51 Double-Bit Axe
19:39 Horse Collar
23:03 Castle Age
21:55 Forging
21:50 Scale Barding Armor
24:09 Husbandry
24:32 Chain Barding Armor
24:40 Bloodlines
31:45 Bow Saw
33:48 Heavy Plow
36:35 Iron Casting
38:10 Fortified Wall
41:34 Imperial Age
39:57 Wheelbarrow
39:08 Town Watch
39:55 Light Cavalry
43:23 Hand Cart
43:52 Town Patrol
45:55 Blast Furnace
45:31 Plate Barding Armor
44:56 Scale Mail Armor
44:49 Hussar
46:09 Caravan
48:54 Chemistry
48:28 Gold Mining
48:29 Stone Mining
48:44 Elite Ballista Elephant
49:39 Double Crossbow
50:03 Conscription
51:43 Capped Ram
54:24 Siege Engineers
55:37 Ballistics
66:58 Fletching
67:05 Murder Holes
67:21 Masonry
hl.exe
8:46 Feudal Age
8:10 Loom
9:17 Double-Bit Axe
10:09 Wheelbarrow
17:49 Scale Barding Armor
17:55 Forging
19:19 Gold Mining
21:58 Castle Age
20:50 Fletching
21:01 Padded Archer Armor
21:40 Domestication
22:54 Scale Barding Armor
22:17 Light Cavalry
22:58 Husbandry
22:43 Elite Skirmisher
23:39 Leather Archer Armor
23:37 Bodkin Arrow
29:21 Bow Saw
31:29 Hand Cart
31:52 Heavy Cavalry Archer
33:53 Ballistics
34:09 Town Watch
36:31 Thumb Ring
40:12 Chain Barding Armor
43:13 Imperial Age
41:41 Stone Mining
42:33 Forging
43:47 Stone Shaft Mining
44:23 Iron Casting
44:10 Pastoralism
44:35 Bracer
45:06 Ring Archer Armor
45:12 Plate Barding Armor
45:39 Chemistry
44:50 Masonry
44:23 Treadmill Crane
45:10 Parthian Tactics
44:42 Hussar
51:20 Ordo Cavalry
51:36 Conscription
52:26 Guard Tower
52:27 Heated Shot
52:48 Siege Engineers
55:18 Two-Man Saw
54:51 Transhumance
69:14 Capped Ram
Fs.churacoRS
10:01 Feudal Age
13:29 Castle Age
11:39 Double-Bit Axe
11:38 Horse Collar
12:44 Loom
14:30 Bow Saw
14:32 Loom
15:54 Fletching
17:48 Bodkin Arrow
19:13 Padded Archer Armor
22:15 Husbandry
24:16 Bloodlines
24:24 Gold Mining
26:57 Wheelbarrow
26:09 Town Watch
27:38 Ballistics
27:55 Leather Archer Armor
28:29 Heavy Plow
32:43 Imperial Age
30:07 Stone Mining
31:36 Thumb Ring
33:32 Bracer
34:34 Chemistry
34:12 Parthian Tactics
36:06 Elite Mangudai
37:24 Conscription
38:17 Drill
37:39 Capped Ram
39:21 Heavy Cavalry Archer
40:20 Scale Barding Armor
40:26 Forging
42:13 Chain Barding Armor
42:28 Iron Casting
42:58 Iron Casting
41:59 Light Cavalry
43:34 Hussar
45:45 Blast Furnace
53:08 Caravan
53:39 Coinage
54:21 Caravan
61:23 Siege Ram
嗚
9:20 Feudal Age
10:21 Double-Bit Axe
11:36 Horse Collar
13:23 Loom
17:43 Wheelbarrow
20:36 Bloodlines
22:46 Castle Age
20:57 Scale Barding Armor
22:50 Light Cavalry
23:55 Chain Barding Armor
24:14 Husbandry
28:47 Hand Cart
29:16 Bow Saw
31:27 Gold Mining
34:24 Gold Shaft Mining
38:36 Imperial Age
36:33 Heavy Plow
40:06 Plate Barding Armor
38:53 Cavalier
40:40 Two-Man Saw
41:20 Paladin
42:30 Caravan
46:57 Town Watch
51:28 Coinage
52:49 Banking
55:04 Stone Mining
Bubbagump
7:18 Loom
10:36 Feudal Age
14:41 Castle Age
12:48 Double-Bit Axe
15:54 Bow Saw
16:26 Fletching
20:21 Bodkin Arrow
21:29 Horse Collar
22:32 Heavy Plow
23:30 Padded Archer Armor
24:57 Ballistics
25:27 Leather Archer Armor
26:38 Wheelbarrow
30:46 Hand Cart
33:15 Town Watch
33:22 Gold Mining
33:23 Stone Mining
34:01 Bloodlines
37:31 Imperial Age
36:18 Bloodlines
36:09 Husbandry
36:17 Thumb Ring
37:36 Elite Mangudai
38:20 Bracer
40:00 Chemistry
39:10 Masonry
39:46 Parthian Tactics
40:16 Coinage
40:36 Caravan
40:51 Fortified Wall
41:37 Scale Barding Armor
41:42 Forging
42:31 Conscription
45:01 Conscription
45:05 Chain Barding Armor
47:39 Iron Casting
48:18 Banking
49:21 Capped Ram
51:35 Siege Ram
53:59 Drill
54:23 Siege Engineers
55:06 Nomads
55:41 Hoardings
BomBomB0
10:11 Feudal Age
8:29 Loom
11:53 Feudal Age
16:25 Castle Age
15:03 Double-Bit Axe
15:03 Horse Collar
19:08 Fletching
21:04 Bodkin Arrow
21:50 Bow Saw
23:48 Padded Archer Armor
25:13 Ballistics
25:47 Town Watch
27:27 Wheelbarrow
28:44 Heavy Plow
29:36 Elite Skirmisher
30:38 Hand Cart
35:24 Imperial Age
33:35 Gold Mining
33:36 Stone Mining
35:36 Imperial Skirmisher
36:17 Bracer
36:33 Leather Archer Armor
37:24 Chemistry
37:17 Masonry
36:48 Treadmill Crane
38:45 Fortified Wall
41:52 Yeomen
44:06 Conscription
44:22 Hoardings
45:31 Gold Shaft Mining
47:08 Two-Man Saw
46:14 Elite Longbowman
47:26 Ring Archer Armor
47:28 Architecture
51:18 Coinage
52:29 Banking
52:17 Caravan
KaLong
11:11 Feudal Age
11:58 Loom
15:48 Castle Age
14:07 Double-Bit Axe
15:03 Padded Archer Armor
15:05 Fletching
16:49 Bow Saw
16:52 Padded Archer Armor
20:47 Bodkin Arrow
22:59 Padded Archer Armor
24:02 Ballistics
26:41 Leather Archer Armor
27:50 Bloodlines
33:54 Wheelbarrow
33:07 Horse Collar
33:20 Gold Mining
35:47 Hand Cart
41:33 Imperial Age
39:12 Stone Mining
40:46 Stone Shaft Mining
42:29 Bracer
43:55 Ring Archer Armor
45:53 Paper Money
46:53 Chemistry
45:48 Light Cavalry
46:29 Husbandry
48:36 Elite Battle Elephant
49:22 Scale Barding Armor
49:28 Forging
49:48 Chatras
51:21 Chain Barding Armor
51:41 Iron Casting
54:20 Plate Barding Armor
56:35 Fortified Wall
56:24 Elite Rattan Archer
57:47 Caravan
59:29 Thumb Ring
70:14 Coinage
Connection lost

Rejoining the realm…

Still unreachable

The connection could not be restored.

Session expired

The server has moved on; the page needs a fresh start.